 Dungeon Crawl Stone Soup version 0.29.1-12-g30fa7ad0bf (webtiles) character file.

Game seed: 2384359893817447303

1712 concernfroge the Fighter (level 8, -2/68 HPs)
             Began as a Mummy Monk on Dec 24, 2022.
             Was a Priest of Okawaru.
             Slain by a gnoll
             ... wielding a +0 halberd
             ... led by a gnoll sergeant
              (10 damage)
             ... on level 7 of the Dungeon.
             The game lasted 00:25:52 (7811 turns).

concernfroge the Fighter (Mummy Monk)               Turns: 7811, Time: 00:25:53

Health: -2/68      AC:  7    Str: 15    XL:     8   Next: 74%
Magic:  18/18      EV: 12    Int:  9    God:    Okawaru [***...]
Gold:   95         SH:  0    Dex: 16    Spells: 7/7 levels left

rFire   . . .      SeeInvis .   a - +0 great sword
rCold   + . .      Faith    +   (shield currently unavailable)
rNeg    + + +      Spirit   .   c - +0 leather armour
rPois   ∞          Reflect  .   t - +0 helmet
rElec   .          Harm     .   (no cloak)
rCorr   .          Rampage  .   (no gloves)
Will    +....                   j - +2 pair of boots
Stlth   ++........              f - amulet of faith
HPRegen 0.21/turn               q - ring of protection from fire
MPRegen 0.16/turn               n - ring of magical power

@: no status effects
A: cold resistance 1, negative energy resistance 3, torment resistance 2, heat
vulnerability 1, in touch with death 1, no potions
a: Renounce Religion, Heroism


You were on level 7 of the Dungeon.
You worshipped Okawaru.
Okawaru was most pleased with you.
You visited 2 branches of the dungeon, and saw 8 of its levels.

You collected 345 gold pieces.
You spent 250 gold pieces at shops.

Inventory:

Hand Weapons
 a - a +0 great sword (weapon)
 b - a +0 scimitar
Missiles
 g - 14 poisoned darts
 h - 17 stones (quivered)
Armour
 c - a +0 leather armour (worn)
 j - a +2 pair of boots (worn)
 t - a +0 helmet (worn)
Jewellery
 f - an amulet of faith (around neck)
 n - a ring of magical power (right hand)
 q - a ring of protection from fire (left hand)
Wands
 o - a wand of roots (5)
Scrolls
 e - a scroll of immolation
 m - 2 scrolls of enchant weapon
 r - 3 scrolls of fog
 s - 3 scrolls of identify


   Skills:
 - Level 8.1 Fighting
 + Level 6.5 Long Blades
 - Level 2.4 Polearms
 - Level 2.4 Dodging
 - Level 1.5 Stealth
 - Level 2.0 Invocations


You had 7 spell levels left.
You didn't know any spells.
Your spell library contained the following spells:

 Spells                   Type           Power      Damage    Failure   Level
 Apportation              Tloc           0%         N/A       45%         1
 Necrotise                Necr           0%         1d4       45%         1
 Slow                     Hex            0%         N/A       45%         1
 Confusing Touch          Hex            0%         N/A       83%         3
 Inner Flame              Hex/Fire       0%         N/A       83%         3
 Vampiric Draining        Necr           0%         2d6       83%         3
 Cause Fear               Hex            0%         N/A       99%         4
 Discord                  Hex            0%         N/A       100%        8
 Summon Small Mammal      Summ           Unusable   N/A       N/A         1

Dungeon Overview and Level Annotations

Branches:
Dungeon (7/15)             Temple (1/1) D:5

Altars:
Ashenzari
Cheibriados
Dithmenos
Fedhas
Gozag
Kikubaaqudgha
Makhleb
Nemelex Xobeh
Okawaru
Qazlal
Ru
Sif Muna
Uskayaw
Vehumet
Wu Jian
Yredelemnul

Shops:
D:6 =


Innate Abilities, Weirdness & Mutations

You are immune to poison.
Your flesh is cold resistant. (rC+)
You are immune to negative energy. (rN+++)
You are immune to unholy pain and torment.
You are vulnerable to heat. (rF-)
You are in touch with the powers of death.
You do not drink.


Message History

The gnoll sergeant hits you from afar with a +0 spear.
* * * LOW HITPOINT WARNING * * *
The grasping roots constrict the gnoll sergeant!
The roots release their grip on the gnoll sergeant.
You see here a scorpion corpse.
Aiming: Fastroot
Press: ? - help, Shift-Dir - straight line, p - gnoll sergeant The roots erupt in riotous growth!
Roots grab the gnoll sergeant.
The grasping roots constrict the gnoll sergeant.
You hear a shout! x2
The gnoll sergeant misses you.
Throw: 19 stones
Press: ? - help, Q - select action, (/) - cycle Shift-Dir - straight line, f - gnoll
Aim: a gnoll, wielding a +0 halberd and wearing a ring of willpower (heavily wounded, 68% to hit)
You throw a stone.
The stone hits the gnoll sergeant but does no damage.
The gnoll sergeant is almost dead.
The grasping roots constrict the gnoll sergeant, but do no damage.
The gnoll sergeant throws a stone.
The stone hits you.
* * * LOW HITPOINT WARNING * * *
Throw: 18 stones
Press: ? - help, Q - select action, (/) - cycle Shift-Dir - straight line, f - gnoll, p - gnoll
Aim: a gnoll, wielding a +0 halberd (68% to hit)
You throw a stone.
The stone hits the gnoll sergeant but does no damage.
The gnoll sergeant is almost dead.
The grasping roots constrict the gnoll sergeant!
You kill the gnoll sergeant!
Okawaru accepts your kill. The gnoll barely misses you.
Aiming: Fastroot
Press: ? - help, Shift-Dir - straight line, f - gnoll, p - gnoll
Aim: a gnoll, wielding a +0 halberd and wearing a ring of willpower (heavily wounded)
The roots erupt in riotous growth!
Roots grab the gnoll. x2
The grasping roots constrict the gnoll. x2
You hear a shout!
The gnoll hits you from afar with a +0 halberd!
You die...

#.# #... #.##. . #
# . ♣## #.. ♣@# #
#.. # ♣♣♣.# .♣
♣.♣..# #.♣.♣g# ....
..... #.♣.♣g#
♣.♣.♣.♣.♣.##.....#
...........###.####
♣.♣.♣.♣.♣#........#
.........#.....####
♣.♣.♣.♣.♣#.#####


You could see 2 gnolls.

Vanquished Creatures
  A water moccasin (D:7)
  An orc warrior (D:6)
  An ice beast (D:6)
  A sky beast (D:6)
  A black bear (D:3)
  A centaur (D:7)
  2 ogres
  A phantom (D:6)
  A kobold brigand (D:4)
  A gnoll sergeant (D:7)
  A bullfrog (D:6)
  3 scorpions
  4 wights (D:6)
  An electric eel (D:7)
  A hound (D:7)
  2 iguanas
  An orc wizard (D:6)
  Robin (D:2)
  2 gnolls (D:7)
  6 adders
  2 ufetubi
  5 worms
  A dart slug (D:3)
  11 orcs
  7 ball pythons
  An endoplasm (D:4)
  3 giant cockroaches
  8 goblins
  9 hobgoblins
  4 quokkas
  2 bats
  4 frilled lizards
  11 kobolds
  5 rats
106 creatures vanquished.

Vanquished Creatures (others)
  A plant (D:4)
1 creature vanquished.

Grand Total: 107 creatures vanquished

Notes
Turn   | Place    | Note
-------+----------+-------------------------------------------
     0 | D:1      | concernfroge the Mummy Monk began the quest for the Orb.
     0 | D:1      | Reached XP level 1. HP: 18/18 MP: 1/1
   197 | D:1      | Reached XP level 2. HP: 24/24 MP: 2/2
   483 | D:1      | Found a faded altar of an unknown god.
   934 | D:2      | You fall into a shaft and drop 1 floor!
  1316 | D:2      | Reached skill level 4 in Fighting
  1613 | D:2      | Noticed Robin
  1793 | D:3      | Gained mutation: You are in touch with the powers of death.
                  | [Mummy growth]
  1793 | D:3      | Reached XP level 3. HP: 30/30 MP: 3/3
  1793 | D:3      | Noticed a black bear
  2322 | D:4      | Noticed a kobold brigand
  2392 | D:4      | Noticed a scorpion
  2427 | D:4      | Killed a kobold brigand
  2428 | D:4      | Reached skill level 5 in Fighting
  2428 | D:4      | Reached XP level 4. HP: 36/39 MP: 4/4
  2586 | D:3      | Reached XP level 5. HP: 46/46 MP: 5/5
  2805 | D:2      | Killed Robin
  2806 | D:2      | Reached skill level 6 in Fighting
  3330 | D:3      | Found an ancient bone altar of Kikubaaqudgha.
  3330 | D:3      | Found an opulent altar of Gozag.
  3365 | D:3      | Killed a black bear
  3366 | D:3      | Reached XP level 6. HP: 45/53 MP: 6/6
  3870 | D:4      | Reached skill level 7 in Fighting
  4538 | D:5      | Entered Level 5 of the Dungeon
  5031 | D:5      | Found a staircase to the Ecumenical Temple.
  5035 | Temple   | Entered the Ecumenical Temple
  5085 | Temple   | Became a worshipper of Warmaster Okawaru
  5085 | Temple   | Reached * piety under Okawaru
  5085 | Temple   | Reached ** piety under Okawaru
  5661 | D:6      | Found Comipn's Jewellery Emporium.
  5665 | D:6      | Bought a ring of protection from fire for 250 gold pieces
  5838 | D:6      | Reached skill level 1 in Invocations
  5838 | D:6      | Reached XP level 7. HP: 61/61 MP: 7/7
  5855 | D:6      | Reached skill level 8 in Fighting
  6043 | D:6      | Reached skill level 1 in Long Blades
  6492 | D:6      | Reached XP level 8. HP: 32/68 MP: 9/9
  6701 | D:6      | Reached *** piety under Okawaru
  6848 | D:7      | Found a broken altar of Ashenzari.
  7401 | D:7      | Reached skill level 5 in Long Blades
  7811 | D:7      | Slain by a gnoll

Illustrated notes

Levels and vault maps discovered:
D:1:      minmay_arrival_open_corners, layout_basic,
          shapermc_ecumenical_altar_totnotflames
D:2:      layout_basic, uniq_robin
D:3:      layout_loops_ring, nicolae_overflow_two_pavilions, tso_oasis_becter,
          hex_tiny
D:4:      cheibrodos_thug_alley, layout_loops_corners, serial_forest,
          infiniplex_forest_diagonal, infiniplex_forest_clump_large,
          infiniplex_forest_lined_3, infiniplex_forest_clump_double,
          infiniplex_forest_lined_2, infiniplex_forest_pool,
          infiniplex_forest_zigzag_1, infiniplex_forest_zigzag_2
D:5:      layout_basic, temple_statues
D:6:      layout_loops_ring, cheibrodos_sewer_entry_drain, serial_shops,
          nicolae_stop_n_shop_2
D:7:      nzn_winding_woodlands_large [nzn_winding_woodlands_5x5_closed_star,
          nzn_winding_woodlands_5x15_lazy_stream,
          nzn_winding_woodlands_5x5_three,
          nzn_winding_woodlands_center_triple_pond,
          nzn_winding_woodlands_15x15_thick_spiral,
          nzn_winding_woodlands_center_lodge,
          nzn_winding_woodlands_5x5_perimeter,
          nzn_winding_woodlands_5x15_longhouse,
          nzn_winding_woodlands_5x5_default], layout_basic, doesnt_xom_only_xom,
          mainiacjoe_overflow_cross_hatched, minivault_14,
          amcnicky_mini_corridor_feature, kennysheep_crisscross,
          nicolae_elemental_shop, water_maze_lemuel, uniq_pikel
Temple:   nicolae_temple_ecumenical_triangle

Skill      XL: |  1  2  3  4  5  6  7  8 |
---------------+-------------------------+-----
Fighting       | 4 5 6 7 8 |  8.1
Invocations    | 1 2 |  2.0
Long Blades    | 3 6 |  6.5
Polearms       | |  2.4
Dodging        | |  2.4
Stealth        | |  1.5

Action                   |  1- 3 |  4- 6 |  7- 9 || total
-------------------------+-------+-------+-------++-------
Melee: Spear             |   109 |       |       ||   109
       Punch             |     2 |     1 |       ||     3
       Hand axe          |    38 |   158 |       ||   196
       Scimitar          |       |     2 |     3 ||     5
       Great sword       |       |       |    83 ||    83
Throw: Dart              |     8 |    20 |    12 ||    40
       Stone             |       |       |    20 ||    20
Invok: Heroism           |       |       |     3 ||     3
Evoke: Wand              |       |       |     6 ||     6
  Use: Scroll            |     8 |     2 |     3 ||    13
 Stab: Sleeping          |       |       |     2 ||     2
Armor: Chain mail        |    72 |   115 |    27 ||   214
       Leather armour    |       |       |    19 ||    19
Dodge: Dodged            |    35 |    55 |    77 ||   167
